 Dungeon Crawl Stone Soup version 0.30-b1-2-g02819fbbbe (webtiles) character file.

Game seed: 6117740082967099269

123 MajorAdolf the Stinger (level 5, -3/44 HPs)
             Began as a Naga Wanderer on Aug 30, 2023.
             Killed by divine providence
             ... invoked by an orc priest
              (11 damage)
             ... on level 4 of the Dungeon.
             The game lasted 00:03:06 (2026 turns).

MajorAdolf the Stinger (Naga Wanderer)              Turns: 2026, Time: 00:03:08

Health: -3/44      AC:  3    Str: 12    XL:     5   Next: 7%
Magic:  8/8        EV:  9    Int: 15    God:
Gold:   50         SH:  0    Dex: 12    Spells: 5/8 levels left

rFire   . . .        l - +0 flail (protect)
rCold   . . .        (no shield)
rNeg    . . .        d - +0 robe
rPois   +            (no helmet)
rElec   .            (no cloak)
rCorr   .            n - +0 pair of gloves
SInv    +            (no barding)
Will    .....        (no amulet)
Stlth   ++           (no ring)
HPRegen 0.27/turn    (no ring)
MPRegen 0.11/turn

%: no passive effects
@: short of breath, very slow
A: AC +1, large, see invisible, deformed body, poison resistance, slowness 2,
spit poison 1, naga tail 1
a: Spit Poison


You were on level 4 of the Dungeon.
You visited 1 branch of the dungeon, and saw 3 of its levels.

You collected 50 gold pieces.

Inventory:

Hand Weapons
 a - a +0 quarterstaff
 l - a +0 flail of protection (weapon)
Armour
 d - a +0 robe (worn)
 n - a +0 pair of gloves (worn)
Wands
 b - a wand of polymorph (4)
Scrolls
 f - a scroll of blinking {unknown}
 k - a scroll of teleportation {unknown}
 m - a scroll of identify {unknown}
Potions
 c - a potion of lignification
 g - a potion of cancellation {unknown}
 h - 4 potions of heal wounds {unknown}
 i - a potion of mutation {unknown}
 j - 3 potions of curing {unknown}


   Skills:
 - Level 1.1 Fighting
 - Level 1.1 Staves
 - Level 1.1 Armour
 - Level 1.0 Dodging
 + Level 3.4 Stealth
 + Level 2.2 Spellcasting
 + Level 1.8 Air Magic
 + Level 4.1 Poison Magic
 - Level 2.0 Evocations


You had 5 spell levels left.
You knew the following spells:

 Your Spells              Type           Power      Damage    Failure   Level
a - Sting                 Tmut/Pois      28%        1d4       10%         1
b - Poisonous Vapours     Pois/Air       20%        N/A       10%         2

Your spell library contained the following spells:

 Spells                   Type           Power      Damage    Failure   Level
 Olgreb's Toxic Radiance  Pois           13%        N/A       38%         4


Dungeon Overview and Level Annotations

Branches:
Dungeon (2/15)

Altars:


Innate Abilities, Weirdness & Mutations

Your serpentine skin is tough. (AC +1)
You have supernaturally acute eyesight. (SInv)
Armour fits poorly on your strangely shaped body.
Your system is resistant to poisons. (rPois)
You cover ground very slowly.
You can spit poison.
You have a snake-like lower body.


Message History

The endoplasm is severely wounded.
The orc wizard shouts!
The endoplasm hits you but does no damage.
You hit the endoplasm.
Your weapon exudes an aura of protection.
You kill the endoplasm!
Unknown command.
Okay, then.
Unknown command.
The air fills with toxic fumes!
As you read the scroll labelled DUUSUR ZEGACK, it crumbles to dust.
It was a scroll of poison.
The orc hits you but does no damage. x2
Unknown command.
You completely miss the orc wizard. The orc completely misses you.
The orc hits you with a +0 hand axe. The orc hits you but does no damage.
The orc closely misses you. The orc wizard barely misses you.
Unknown command.
You closely miss the orc.
The orc wizard hits you but does no damage.
The orc hits you with a +0 hand axe. The orc completely misses you.
Aiming: Spit Poison (1% risk of failure)
Press: ? - help, Shift-Dir - straight line, f - orc
Aim: an orc, wielding a +0 flail and wearing a +0 leather armour (59% to hit)
The splash of poison hits the orc!
You kill the orc!
The orc wizard hits you with a +0 dagger.
The orc barely misses you.
Unknown command.
The orc priest mumbles some strange prayers to Beogh against you.
Beogh smites you! The orc hits you but does no damage.
Things that are here:
a +0 flail; a +0 leather armour; an orc corpse The orc wizard attacks as you move away!
The orc wizard barely misses you.
The orc priest calls down the wrath of Beogh upon you.
Pain shoots through your body!
* * * LOW HITPOINT WARNING * * *
The orc priest invokes the aid of Beogh against you.
Beogh smites you!
You die...

.....# ######.§...##
#######§§.☼§.☼.^...
#......#§##§.o...#
####...#.###§#§.....#
........## ##§o#...#
####...#.# #.#.#.#.#
#..###.#.##.#...##.#
#..# ..# #oo@§§§§§#
#... ..## #####§####
##+#### #


You could see an orc priest, an orc wizard and an orc.

Vanquished Creatures
  4 gnolls (D:2)
  4 adders (D:2)
  A worm (D:1)
  A dart slug (D:1)
  An orc (D:4)
  5 bats
  An endoplasm (D:4)
  A giant cockroach (D:2)
  4 goblins
  3 hobgoblins (D:1)
  6 quokkas
  2 ball pythons (D:1)
  3 frilled lizards (D:1)
  5 kobolds
  6 rats
47 creatures vanquished.

Vanquished Creatures (others)
  4 plants (D:2)
4 creatures vanquished.

Grand Total: 51 creatures vanquished

Notes
Turn   | Place    | Note
-------+----------+-------------------------------------------
     0 | D:1      | MajorAdolf the Naga Wanderer began the quest for the Orb.
     0 | D:1      | MajorAdolf set off with the following items: a +0
                  | quarterstaff, a wand of polymorph (4), a potion of
                  | lignification, a +0 robe; and the following spell
                  | memorised: Sting; and the following spells available to
                  | memorise: Poisonous Vapours, Olgreb's Toxic Radiance.
     0 | D:1      | Reached XP level 1. HP: 18/18 MP: 2/2
   132 | D:1      | Reached XP level 2. HP: 20/25 MP: 0/3
   135 | D:1      | Learned a level 2 spell: Poisonous Vapours
   238 | D:1      | Reached skill level 3 in Poison Magic
   728 | D:1      | Reached XP level 3. HP: 31/31 MP: 1/5
  1162 | D:2      | Reached skill level 1 in Air Magic
  1487 | D:2      | Reached XP level 4. HP: 38/38 MP: 1/6
  1785 | D:2      | Reached skill level 4 in Poison Magic
  1796 | D:2      | Reached XP level 5. HP: 19/44 MP: 1/8
  2003 | D:2      | You fall into a shaft and drop 2 floors!
  2026 | D:4      | Killed from afar by an orc priest

Illustrated notes

Levels and vault maps discovered:
D:1:      lightli_arrival_lavapool, layout_loops_ring
D:2:      layout_rooms, serial_forest, infiniplex_forest_clump_diagonal,
          infiniplex_forest_split, infiniplex_forest_join,
          infiniplex_forest_straight_2, minmay_hedge_maze, minivault_14,
          minmay_puff
D:4:      layout_loops_corners, old_standard_altar

Skill      XL: |  1  2  3  4 |
---------------+-------------+-----
Poison Magic   | 3 4 |  4.1
Stealth        | 2 3 |  3.4
Air Magic      | 1 |  1.8
Spellcasting   | 2 |  2.2
Fighting       | |  1.1
Staves         | |  1.1
Armour         | |  1.1
Dodging        | |  1.0
Evocations     | |  2.0

Action                     |  1- 3 |  4- 6 || total
---------------------------+-------+-------++-------
  Melee: Quarterstaff      |    28 |     1 ||    29
         Flail             |       |    39 ||    39
         Punch             |       |     2 ||     2
   Cast: Sting             |    48 |    18 ||    66
Ability: Spit Poison       |     6 |     4 ||    10
    Use: Scroll            |       |     1 ||     1
   Stab: Sleeping          |     1 |       ||     1
         Distracted        |       |     1 ||     1
 Armour: Robe              |     9 |    26 ||    35
  Dodge: Dodged            |    27 |    30 ||    57
